 Dungeon Crawl Stone Soup version 0.29.0-13-gc9e81de378 (webtiles) character file.

Game seed: 4141678666892602343

3149 sankara the Martial Artist (level 9, -1/77 HPs)
             Began as a Minotaur Transmuter on Sept 9, 2022.
             Was a Believer of Ru.
             Slain by an elephant (11 damage)
             ... on level 8 of the Dungeon.
             The game lasted 00:29:09 (9304 turns).

sankara the Martial Artist (Minotaur Transmuter)    Turns: 9304, Time: 00:29:10

Health: -1/77      AC:  9    Str: 15    XL:     9   Next: 62%
Magic:  4/10       EV: 19    Int: 10    God:    Ru [**....]
Gold:   788        SH:  0    Dex: 15    Spells: 1/11 levels left

rFire   . . .      SeeInvis .     - Unarmed
rCold   . . .      Faith    .   (no shield)
rNeg    . . .      Spirit   .   a - +0 robe
rPois   .          Reflect  .   (helmet restricted)
rElec   .          Harm     .   w - +1 cloak
rCorr   .          Rampage  .   c - +0 pair of gloves
Will    .....                   (no boots)
Stlth   ..........              (no amulet)
HPRegen 0.22/turn               k - +4 ring of protection
MPRegen 0.12/turn               z - +4 ring of evasion

@: no status effects
A: horns 2, no stealth, missing an eye, retaliatory headbutt
a: Renounce Religion


You were on level 8 of the Dungeon.
You worshipped Ru.
Ru was pleased with you.
You visited 2 branches of the dungeon, and saw 9 of its levels.

You collected 788 gold pieces.

Inventory:

Missiles
 d - 50 stones
 s - 12 poisoned darts
 A - a boomerang of dispersal
 B - 5 curare-tipped darts
 E - 3 boomerangs
 G - a throwing net
 L - 2 javelins
Armour
 a - a +0 robe (worn)
 c - a +0 pair of gloves (worn)
 e - a +0 leather armour
 w - a +1 cloak (worn)
 I - a +0 leather armour of fire resistance
Jewellery
 k - a +4 ring of protection (left hand)
 z - a +4 ring of evasion (right hand)
 K - a ring of protection from cold
Wands
 u - a wand of charming (13)
 y - a wand of digging (5)
Scrolls
 f - 3 scrolls of teleportation {unknown}
 h - 2 scrolls of blinking {unknown}
 l - 2 scrolls of noise {unknown}
 p - 3 scrolls of butterflies {unknown}
 r - 11 scrolls of identify {unknown}
 t - 3 scrolls of enchant weapon {unknown}
 C - 2 scrolls of immolation {unknown}
 D - 3 scrolls of enchant armour {unknown}
 F - 2 scrolls of amnesia {unknown}
 H - a scroll of poison {unknown}
 J - 2 scrolls of fear {unknown}
Potions
 b - 3 potions of lignification
 g - 3 potions of attraction {unknown}
 i - 3 potions of mutation {unknown}
 j - 3 potions of ambrosia {unknown}
 m - 8 potions of curing
 n - 4 potions of might {unknown}
 o - a potion of resistance {unknown}
 q - a potion of berserk rage {unknown}
 v - a potion of haste {unknown}
 x - 2 potions of degeneration {unknown}


   Skills:
 + Level 6.3 Fighting
 - Level 3.0 Throwing
 - Level 7.0 Dodging
 + Level 8.5 Unarmed Combat
 - Level 1.5 Spellcasting
 + Level 5.3 Transmutations
 - Level 3.0 Poison Magic


You had one spell level left.
You knew the following spells:

 Your Spells              Type           Power      Damage    Failure   Level
a - Beastly Appendage     Tmut           22%        N/A       3%          1
b - Wereblood             Tmut           11%        N/A       5%          2
c - Spider Form           Tmut/Pois      9%         N/A       19%         3
d - Ice Form              Ice/Tmut       6%         N/A       73%         4

Your spell library contained the following spells:

 Spells                   Type           Power      Damage    Failure   Level
 Magic Dart               Conj           0%         1d3       32%         1
 Call Imp                 Summ           0%         N/A       45%         2
 Searing Ray              Conj           0%         2d4       45%         2
 Mephitic Cloud           Conj/Pois/Air  2%         N/A       54%         3
 Gell's Gravitas          Tloc           0%         N/A       69%         3
 Lesser Beckoning         Tloc           0%         N/A       69%         3
 Stone Arrow              Conj/Erth      0%         3d7       69%         3
 Teleport Other           Tloc           0%         N/A       69%         3
 Animate Armour           Summ/Erth      0%         N/A       97%         4
 Fulminant Prism          Conj/Hex       0%         3d6       97%         4
 Lehudib's Crystal Spear  Conj/Erth      0%         10d2      100%        8


Dungeon Overview and Level Annotations

Branches:
Dungeon (8/15)             Temple (1/1) D:4
   Lair: D:8-11

Altars:
Ashenzari
Cheibriados
Elyvilon
Fedhas
Gozag
Hepliaklqana
Kikubaaqudgha
Makhleb
Okawaru
Ru
Sif Muna
Trog
Uskayaw
Vehumet
Wu Jian
Yredelemnul
Zin

Shops:
D:6 *


Innate Abilities, Weirdness & Mutations

You have a pair of horns on your head.
You cannot be stealthy.
You are missing an eye, making it more difficult to aim.
You reflexively headbutt those who attack you in melee.


Message History

The elephant closely misses you. The elephant completely misses you.
You hit the elephant but do no damage.
The elephant looks as sick as possible!
The elephant is lightly wounded.
The elephant completely misses you. The elephant barely misses you.
The orc priest calls down the wrath of Beogh upon you.
Beogh smites you!
* * * LOW HITPOINT WARNING * * *
The black bear begins to attack, but is stunned by your conviction!
You see here a +0 long sword.
The elephant attacks as you move away! The elephant completely misses you. x2
Your transformation has ended.
Your +1 cloak unmelds from your body.
Your +0 pair of gloves unmelds from your body.
Your +0 robe unmelds from your body.
The elephant attacks as you move away! The elephant misses you.
The elephant trunk-slaps you but does no damage.
The orc priest invokes the aid of Beogh against you.
Beogh smites you!
* * * LOW HITPOINT WARNING * * *
The elephant attacks as you move away! The elephant barely misses you.
The elephant misses you.
The orc priest begins to pray, but is stunned by your conviction!
You howl as the wereblood boils in your veins!
You see here a water moccasin corpse.
The elephant attacks as you move away!
The elephant tramples you but does no damage.
The elephant trunk-slaps you but does no damage.
Your primal bloodlust is almost over.
The orc priest miscasts a cantrip.
You see here a rat corpse.
Items here: †††††††††.
The orc priest looks encouraged for a moment.
The elephant attacks as you move away! The elephant tramples you.
* * * LOW HITPOINT WARNING * * *
The elephant barely misses you.
Your primal bloodlust has ended.
The elephant attacks as you move away! The elephant barely misses you.
The elephant misses you. The elephant attacks as you move away!
The elephant tramples you!
You die...

#.#.......#
#.#.......#########
#.#.......#.......#
#.###...###.......#
#...o..††.........#
###########.......#
#.......# #..Y....#
#...@...# #####...#
#############.#
#........<....#
#.#################
#.#...............#
#######.##.############.#
........##.# #........#.#
........##.# #.#..###.#.#


You could see an elephant (poisoned).

Vanquished Creatures
  2 wyverns
  A steam dragon (D:7)
  A water moccasin (D:8)
  An ice beast (D:6)
  Duvessa (D:7)
  3 black bears
  3 sky beasts
  3 centaurs
  2 phantoms (D:7)
  2 necrophages (D:5)
  2 bullfrogs
  4 scorpions
  Dowan (D:7)
  3 hounds
  3 jellies
  An orc priest (D:8)
  2 gnoll boudas (D:5)
  5 iguanas
  An orc wizard (D:4)
  14 gnolls (D:5)
  7 river rats (D:8)
  10 adders
  3 white imps
  2 ufetubi
  2 worms (D:5)
  4 dart slugs
  27 orcs
  9 ball pythons
  2 bats
  8 endoplasms
  2 giant cockroaches
  11 goblins
  6 hobgoblins
  2 jackals (D:4)
  3 kobolds
  6 quokkas
  3 frilled lizards
  19 rats
  A spectral kobold (D:1)
182 creatures vanquished.

Vanquished Creatures (others)
  A scorpion (D:5)
  A gnoll bouda (D:5)
2 creatures vanquished.

Grand Total: 184 creatures vanquished

Notes
Turn   | Place    | Note
-------+----------+-------------------------------------------
     0 | D:1      | sankara the Minotaur Transmuter began the quest for the
                  | Orb.
     0 | D:1      | Reached XP level 1. HP: 16/16 MP: 1/1
   362 | D:1      | Found a faded altar of an unknown god.
   588 | D:1      | Reached XP level 2. HP: 23/23 MP: 0/3
   591 | D:1      | Learned a level 2 spell: Wereblood
  1523 | D:1      | Reached XP level 3. HP: 29/29 MP: 2/4
  1958 | D:2      | Reached skill level 4 in Unarmed Combat
  2277 | D:2      | Reached XP level 4. HP: 29/36 MP: 2/5
  2281 | D:2      | Learned a level 3 spell: Spider Form
  3262 | D:4      | Found a staircase to the Ecumenical Temple.
  3271 | Temple   | Entered the Ecumenical Temple
  3322 | Temple   | Became a worshipper of Ru the Awakened
  3388 | D:4      | Reached skill level 1 in Poison Magic
  3388 | D:4      | Reached XP level 5. HP: 41/41 MP: 4/6
  3858 | D:4      | Reached XP level 6. HP: 48/48 MP: 7/7
  3887 | D:4      | Reached skill level 5 in Unarmed Combat
  4031 | D:4      | Found a shimmering blue altar of Sif Muna.
  4461 | D:5      | Entered Level 5 of the Dungeon
  4671 | D:5      | Gained mutation: You are missing an eye, making it more
                  | difficult to aim. [Ru sacrifice]
  4671 | D:5      | Reached * piety under Ru
  5022 | D:5      | Reached XP level 7. HP: 46/56 MP: 4/8
  5882 | D:5      | Reached skill level 6 in Unarmed Combat
  5891 | D:5      | Reached XP level 8. HP: 45/63 MP: 7/9
  6092 | D:5      | Reached skill level 5 in Dodging
  6616 | D:6      | Reached skill level 1 in Throwing
  6907 | D:6      | Found Citytomuez's General Store.
  6915 | D:6      | Reached skill level 7 in Unarmed Combat
  7084 | D:6      | Found a snail-covered altar of Cheibriados.
  7402 | D:6      | Found an opulent altar of Gozag.
  7412 | D:6      | Found an iron altar of Okawaru.
  7435 | D:6      | Found a white marble altar of Elyvilon.
  7436 | D:6      | Found a glowing silver altar of Zin.
  7489 | D:7      | Noticed Duvessa
  7489 | D:7      | Noticed Dowan
  7501 | D:7      | Killed Duvessa
  7502 | D:7      | Killed Dowan
  7503 | D:7      | Reached XP level 9. HP: 44/72 MP: 7/10
  7869 | D:7      | Reached skill level 5 in Fighting
  7869 | D:7      | Reached skill level 5 in Transmutations
  8098 | D:7      | Reached skill level 8 in Unarmed Combat
  8189 | D:7      | Learned a level 4 spell: Ice Form
  8901 | D:8      | Found a burning altar of Makhleb.
  9137 | D:8      | Gained mutation: You cannot be stealthy. [Ru sacrifice]
  9137 | D:8      | Reached ** piety under Ru
  9270 | D:8      | Noticed an elephant
  9304 | D:8      | Slain by an elephant

Illustrated notes

Levels and vault maps discovered:
D:1:      dpeg_arrival_rooms_c, layout_basic,
          dreamdust_ecumenical_altar_drowned_temple
D:2:      layout_basic
D:3:      layout_basic
D:4:      layout_basic, lemuel_crystal_altar, minmay_temple_entry_butterflies,
          minmay_circle_x
D:5:      minmay_polygon_palace, layout_loops_ring, kennysheep_generic_room_9
D:6:      layout_cave_pods, marbit_many_paths, mainiacjoe_overflow_alcove_3,
          serial_shops, shop
D:7:      layout_loops_ring, minmay_between, uniq_duvessa
D:8:      layout_basic, mainiacjoe_overflow_concentric_impassable,
          nicolae_qazlal_scattered_showers, nemelex_diamond_rough_becter,
          david_lair_generic, st_stairs_14, dk_rats_in_the_wall
Temple:   cyrus_temple_forest

Skill      XL: |  1  2  3  4  5  6  7  8  9 |
---------------+----------------------------+-----
Transmutations | 2 3 4 5 |  5.3
Fighting       | 2 3 4 6 |  6.3
Unarmed Combat | 4 5 6 7 8 |  8.5
Dodging        | 3 4 6 7 |  7.0
Poison Magic   | 1 2 3 |  3.0
Throwing       | 2 3 |  3.0
Spellcasting   | |  1.5

Action                   |  1- 3 |  4- 6 |  7- 9 || total
-------------------------+-------+-------+-------++-------
Melee: Unarmed           |   111 |   156 |   316 ||   583
       Headbutt          |    13 |     9 |     5 ||    27
       Kick              |    21 |    22 |     1 ||    44
       Punch             |     1 |     5 |       ||     6
 Cast: Beastly Appendage |    30 |    26 |     3 ||    59
       Wereblood         |     1 |     1 |     6 ||     8
       Spider Form       |       |     8 |    38 ||    46
Invok: Sacrifice an Eye  |       |     1 |       ||     1
       Sacrifice Stealth |       |       |     1 ||     1
Evoke: Wand              |       |       |     2 ||     2
 Stab: Sleeping          |       |       |     1 ||     1
Armor: Robe              |    24 |    34 |    15 ||    73
       Skin              |       |    10 |    23 ||    33
Dodge: Dodged            |    46 |    95 |   327 ||   468
